 Dungeon Crawl Stone Soup version 0.29-a0-993-g4a18f31a58 (webtiles) character file.

Game seed: 13629790560134529993

667 RevDB the Conjurer (level 7, -7/61 HPs)
             Began as a Purple Draconian Conjurer on Aug 2, 2022.
             Was an Initiate of the Shining One.
             Mangled by Prince Ribbit (12 damage)
             ... on level 5 of the Dungeon.
             The game lasted 00:31:43 (4194 turns).

RevDB the Conjurer (Purple Draconian Conjurer)      Turns: 4194, Time: 00:31:44

Health: -7/61      AC:  9    Str:  9    XL:     7   Next: 31%
Magic:  3/13       EV: 12    Int: 21    God:    the Shining One [......]
Gold:   228        SH:  0    Dex: 15    Spells: 3/14 levels left

rFire   + . .      SeeInvis .   j - staff of fire
rCold   . . .      Faith    .   (no shield)
rNeg    . . .      Spirit   .   (body armour unavailable)
rPois   .          Reflect  .   (helmet restricted)
rElec   .          Harm     .   u - +0 cloak
rCorr   .          Rampage  .   (no gloves)
Will    +....                   n - +1 pair of boots
Stlth   +.........              (no amulet)
HPRegen 0.20/turn               k - ring of wizardry
MPRegen 0.13/turn               o - +6 ring of dexterity

@: glowing
A: breathe power, AC +6, unfitting armour, cold-blooded
a: Breathe Dispelling Energy, Renounce Religion


You were on level 5 of the Dungeon.
You worshipped the Shining One.
The Shining One was noncommittal.
You visited 1 branch of the dungeon, and saw 5 of its levels.

You collected 228 gold pieces.

Inventory:

Hand Weapons
 e - a +0 whip
 i - a +0 short sword
 t - a +2 quarterstaff of chaos
Armour
 n - a +1 pair of boots (worn)
 u - a +0 cloak (worn)
Magical Staves
 j - a staff of fire (weapon)
Jewellery
 k - a ring of wizardry (left hand)
 o - a +6 ring of dexterity (right hand)
 x - a ring of flight
Wands
 r - a wand of digging (6)
 y - a wand of mindburst (10)
 A - a wand of roots (6)
 C - a wand of polymorph (4)
Scrolls
 b - 2 scrolls of fog
 c - 2 scrolls of blinking {unknown}
 d - 2 scrolls of magic mapping
 f - a scroll of silence {unknown}
 l - a scroll of identify
 q - a scroll of teleportation {unknown}
 v - 2 scrolls of poison {unknown}
 w - a scroll of fear {unknown}
 E - a scroll of noise {unknown}
 G - a scroll of immolation {unknown}
 H - a scroll of amnesia {unknown}
Potions
 a - a potion of magic
 g - 4 potions of curing
 h - a potion of attraction {unknown}
 m - a potion of degeneration {unknown}
 p - a potion of resistance {unknown}
 s - a potion of haste
 z - a potion of mutation {unknown}
 B - 2 potions of berserk rage
 D - a potion of cancellation {unknown}
 F - a potion of invisibility {unknown}


   Skills:
 - Level 5.0 Fighting
 - Level 3.0 Staves
 - Level 2.0 Dodging
 - Level 1.7 Stealth
 - Level 4.0 Spellcasting
 - Level 5.0 Conjurations
 + Level 2.1 Hexes
 - Level 2.0 Translocations
 - Level 1.0 Evocations


You had 3 spell levels left.
You knew the following spells:

 Your Spells              Type           Power      Damage    Failure   Level
a - Magic Dart            Conj           100%       1d8       1%          1
b - Searing Ray           Conj           50%        2d6       1%          2
c - Iskenderun's Mystic   Conj/Tloc      18%        2d6       12%         4
d - Fulminant Prism       Conj/Hex       9%         3d7       11%         4

Your spell library contained the following spells:

 Spells                   Type           Power      Damage    Failure   Level
 Dazzling Flash           Conj/Hex       38%        N/A       3%          3
 Call Imp                 Summ           4%         N/A       8%          2
 Poisonous Vapours        Pois/Air       8%         N/A       8%          2
 Mephitic Cloud           Conj/Pois/Air  11%        N/A       8%          3
 Corpse Rot               Necr/Pois/Air  4%         N/A       41%         4


Dungeon Overview and Level Annotations

Branches:
Dungeon (5/15)
 Temple: D:4-7

Altars:
The Shining One

Shops:
D:1 (

Annotations:
D:5 Prince Ribbit


Innate Abilities, Weirdness & Mutations

You can breathe bolts of dispelling energy.
Your rich purple scales are hard. (AC +6)
You cannot fit into any form of body armour.
You are cold-blooded and may be slowed by cold attacks.


Message History

You barely miss Prince Ribbit.
Prince Ribbit is heavily wounded.
Prince Ribbit hops awkwardly around.
Prince Ribbit hits you.
* * * LOW HITPOINT WARNING * * *
Prince Ribbit hits you but does no damage.
You hit Prince Ribbit.
Prince Ribbit is heavily wounded.
Prince Ribbit hits you.
* * * LOW HITPOINT WARNING * * *
You miss Prince Ribbit.
Prince Ribbit is heavily wounded.
Prince Ribbit barely misses you. Prince Ribbit closely misses you.
You hit Prince Ribbit.
Prince Ribbit is heavily wounded.
Prince Ribbit misses you.
You closely miss Prince Ribbit.
Prince Ribbit is heavily wounded.
Prince Ribbit lets out a mournful croak.
Prince Ribbit blinks!
Your magical contamination has completely faded away.
Casting: Iskenderun's Mystic Blast (dangerous; 12% risk of failure)
Confirm with . or Enter, or press ? or * to list all spells.
You don't have enough magic to cast this spell.
You closely miss Prince Ribbit.
Prince Ribbit is heavily wounded.
Prince Ribbit barely misses you. Prince Ribbit closely misses you.
You hit Prince Ribbit.
Prince Ribbit is heavily wounded.
Prince Ribbit catches a small bird with his tongue.
Prince Ribbit hits you but does no damage.
You hit Prince Ribbit.
Prince Ribbit is heavily wounded.
Prince Ribbit hits you!
* * * LOW HITPOINT WARNING * * *
Prince Ribbit barely misses you.
You closely miss Prince Ribbit.
Prince Ribbit is heavily wounded.
Prince Ribbit hits you!
You die...

..⌠.........##
.............#
.###.........####
#............#
#.........#..#
###########.##
#..# #F.# #@.#
#...# #..## #..#
..## #.. #.. ..#


You could see Prince Ribbit.

Vanquished Creatures
  A black bear (D:4)
  An ogre (D:4)
  A necrophage (D:5)
  A scorpion (D:3)
  A jelly (D:4)
  A gnoll bouda (D:4)
  2 orc priests
  A hound (D:5)
  Crazy Yiuf (D:3)
  Ijyb (D:4)
  An orc wizard (D:4)
  2 adders
  An ufetubus (D:4)
  2 worms
  2 dart slugs
  10 orcs
  3 bats (D:3)
  11 endoplasms
  6 giant cockroaches
  3 goblins
  11 hobgoblins
  4 jackals
  6 quokkas
  5 ball pythons
  4 kobolds
  5 rats
87 creatures vanquished.

Vanquished Creatures (others)
  An orc wizard (D:3)
  2 fulminant prisms (D:5)
3 creatures vanquished.

Grand Total: 90 creatures vanquished

Notes
Turn   | Place    | Note
-------+----------+-------------------------------------------
     0 | D:1      | RevDB the Draconian Conjurer began the quest for the Orb.
     0 | D:1      | Reached XP level 1. HP: 14/14 MP: 3/3
   138 | D:1      | Reached skill level 1 in Fighting
   237 | D:1      | Reached XP level 2. HP: 16/24 MP: 3/5
   415 | D:1      | Found Adefuj's Antique Weapon Boutique.
   679 | D:1      | Found a faded altar of an unknown god.
   877 | D:2      | Learned a level 2 spell: Searing Ray
   978 | D:2      | Reached XP level 3. HP: 20/31 MP: 1/6
  1061 | D:2      | Reached skill level 1 in Evocations
  1963 | D:3      | Reached XP level 4. HP: 38/38 MP: 5/8
  1969 | D:3      | Noticed a scorpion
  2005 | D:3      | Killed a scorpion
  2346 | D:3      | Reached XP level 5. HP: 40/45 MP: 4/9
  2417 | D:3      | Reached skill level 5 in Conjurations
  2630 | D:3      | Found a runed translucent door.
  2631 | D:3      | Noticed Crazy Yiuf
  2638 | D:3      | Killed Crazy Yiuf
  2639 | D:3      | Reached skill level 1 in Staves
  3237 | D:4      | Reached XP level 6. HP: 45/51 MP: 4/10
  3246 | D:4      | Learned a level 4 spell: Iskenderun's Mystic Blast
  3329 | D:4      | Reached skill level 1 in Translocations
  3422 | D:4      | Noticed Ijyb
  3431 | D:4      | Killed Ijyb
  3514 | D:4      | Your scales start taking on a rich purple colour.
  3514 | D:4      | Reached XP level 7. HP: 21/60 MP: 6/12
  3791 | D:4      | Found a glowing golden altar of the Shining One.
  3813 | D:4      | Became a worshipper of the Shining One
  3842 | D:4      | Learned a level 4 spell: Fulminant Prism
  4073 | D:5      | Entered Level 5 of the Dungeon
  4096 | D:5      | Reached skill level 5 in Fighting
  4096 | D:5      | Reached skill level 1 in Hexes
  4159 | D:5      | Noticed Prince Ribbit
  4194 | D:5      | Mangled by Prince Ribbit

Illustrated notes

Levels and vault maps discovered:
D:1:      erik_arrival_cave_to_civilisation [erik_arrival_cave_to_hall],
          layout_basic, serial_shops, nicolae_shop_trees,
          hellmonk_ecumenical_altar_inner_sanctum, chequers_garden
D:2:      layout_loops_cross, dk_noncrumbling_3, st_stairs_10
D:3:      layout_basic, roderic_lattice_a, minmay_fractal_squares_gapless_5,
          uniq_crazy_yiuf_cottage
D:4:      layout_loops_ring, mainiacjoe_overflow_paths,
          grunt_decor_mini_mirrors, minmay_quantized, uniq_ijyb
D:5:      layout_cave_pods, minmay_temple_entry_junction,
          ebering_dispersal_statue_hall, minmay_fractal_squares_diagonal_5,
          uniq_prince_ribbit1

Skill      XL: |  1  2  3  4  5  6  7 |
---------------+----------------------+-----
Fighting       | 1 3 4 5 |  5.0
Evocations     | 1 |  1.0
Spellcasting   | 3 4 |  4.0
Conjurations   | 5 |  5.0
Staves         | 3 |  3.0
Translocations | 2 |  2.0
Dodging        | 2 |  2.0
Hexes          | 2 |  2.1
Stealth        | |  1.7

Action                   |  1- 3 |  4- 6 |  7- 9 || total
-------------------------+-------+-------+-------++-------
Melee: Whip              |    23 |       |       ||    23
       Club              |    11 |       |       ||    11
       Tailslap          |    17 |    11 |    10 ||    38
       Staff             |    98 |    18 |    44 ||   160
       Quarterstaff      |       |    39 |     6 ||    45
       Unarmed           |       |     3 |       ||     3
       Punch             |       |       |     1 ||     1
 Cast: Magic Dart        |    50 |    14 |     9 ||    73
       Searing Ray       |     3 |     9 |     1 ||    13
       Fulminant Prism   |       |       |     2 ||     2
 Abil: Breathe Dispellin |       |       |     1 ||     1
  Use: Scroll            |       |       |     4 ||     4
 Stab: Sleeping          |     1 |     3 |       ||     4
Armor: Skin              |    49 |    24 |    17 ||    90
Dodge: Dodged            |    91 |    40 |    29 ||   160

Table legend: (Time is in decaauts)
 A = Elapsed time spent in this place.
 B = Non-inter-level travel time spent in this place.
 C = Inter-level travel time spent in this place.
 D = Time resting spent in this place.
 E = Time spent auto-exploring this place.
 F = Levels seen in this place.
 G = Mean time per level.
                   A        B        C        D        E       F      G
               +--------+--------+--------+--------+--------+-----+--------+
         Total |   4228 |   4134 |     94 |    507 |   1186 |   5 |  845.6 |
       Dungeon |   4228 |   4134 |     94 |    507 |   1186 |   5 |  845.6 |
               +--------+--------+--------+--------+--------+-----+--------+

Top non-repeatable levels by time:
     D:3: 1366 daAuts
     D:2: 1069 daAuts
     D:4: 889 daAuts
     D:1: 779 daAuts
     D:5: 122 daAuts
